SA
DELAWARE 1787 BC @ BELLEVILLE BULLS
07/11/2042
 
TOP OF THE 1ST
Delaware 1787 BC batting - Pitching for Belleville Bulls : RHP Sam Martínez
Pitching: RHP Sam Martínez
Batting: LHB Steve Wheeler 0-0: Foul Ball, location: 2F
0-1: Ground out U3 (Groundball, 3S, EV 84.4 MPH)
Batting: LHB Luis Concepción 0-0: Foul Ball, location: 2F
0-1: Ball
1-1: Ball
2-1: Ball
3-1: Base on Balls
Batting: RHB Mhelter Tejano 0-0: Ball
1-0: Reached on error, E1 (Groundball, 13, EV 92.5 MPH)
Luis Concepción to second
Batting: RHB Eduardo Lucciardi 0-0: 3-RUN HOME RUN (Line Drive, 7D, EV 101.2 MPH), Distance : 397 ft
Batting: LHB Chandler Schroeder 0-0: Ball
1-0: Foul Ball, location: 2F
1-1: Ball
2-1: Ball
3-1: Called Strike
3-2: Fly out, F1 (Line Drive, P, EV 63.1 MPH)
Batting: RHB Justin Schock 0-0: Foul Ball, location: 2F
0-1: Ball
1-1: Fly out, F9 (Line Drive, 9, EV 94.4 MPH)
Top of the 1st over - 3 runs, 1 hit, 1 error, 0 left on base; Delaware 3 - Belleville 0
BOTTOM OF THE 1ST
Belleville Bulls batting - Pitching for Delaware 1787 BC : LHP Steve Baker
Pitching: LHP Steve Baker
Batting: SHB Russ King 0-0: Ball
1-0: Foul Ball, location: 2F
1-1: Ball
2-1: Ball
3-1: Base on Balls
Batting: RHB Ed Dimock 0-0: Ball
1-0: Called Strike
1-1: Ball
2-1: Called Strike
2-2: Strikes out swinging
Batting: RHB Arthur Hall 0-0: SINGLE (Groundball, 6MD, EV 98.8 MPH)
Russ King to second
Runner from 2nd tries for 3rd, SAFE, throw by CF made to third
Batting: LHB Juan Romero 0-0: Foul Ball, location: 2F
0-1: Ball
1-1: Foul Ball, location: 2F
1-2: Ball
2-2: Ball
3-2: Strikes out swinging
Batting: LHB Román Ramos 0-0: Called Strike
0-1: Ball
1-1: Swinging Strike
1-2: Ball
2-2: Strikes out looking
Bottom of the 1st over - 0 runs, 1 hit, 0 errors, 2 left on base; Delaware 3 - Belleville 0
TOP OF THE 2ND
Delaware 1787 BC batting - Pitching for Belleville Bulls : RHP Sam Martínez
Batting: RHB Mike Williams 0-0: Ball
1-0: Ground out U3 (Groundball, 34, EV 86.2 MPH)
Batting: RHB Julián Zambrano 0-0: Called Strike
0-1: Foul Ball, location: 2F
0-2: Ball
1-2: Ball
2-2: Foul Ball, location: 2F
2-2: Foul Ball, location: 2F
2-2: Foul Ball, location: 2F
2-2: Foul Ball, location: 2F
2-2: Foul Ball, location: 2F
2-2: TRIPLE (Flyball, 89XD, EV 88.8 MPH)
Batting: LHB Brian Webb 0-0: Called Strike
0-1: SINGLE (Groundball, 4S, EV 85.6 MPH) (infield hit)
Julián Zambrano scores
Batting: LHB Steve Wheeler 0-0: Called Strike
0-1: Ball
1-1: SINGLE (Groundball, 25, EV 73.8 MPH) (infield hit)
Brian Webb to second
Batting: LHB Luis Concepción 0-0: Called Strike
0-1: Ball
1-1: Ball
2-1: Ball
3-1: Fly out, F6 (Popup, 6M, EV 59.4 MPH)
Batting: RHB Mhelter Tejano 0-0: Called Strike
0-1: Foul Ball, location: 2F
0-2: SINGLE (Line Drive, 9LS, EV 104.4 MPH)
Brian Webb to third
Steve Wheeler to second
Runner from 3rd tries for Home, throw by RF and OUT! 9-2
Top of the 2nd over - 1 run, 4 hits, 0 errors, 2 left on base; Delaware 4 - Belleville 0
BOTTOM OF THE 2ND
Belleville Bulls batting - Pitching for Delaware 1787 BC : LHP Steve Baker
Batting: SHB Kenny Dixon 0-0: Fly out, F9 (Flyball, 89D, EV 83.8 MPH)
Batting: LHB Maikel Nelis 0-0: Foul Ball, location: 2F
0-1: Foul Ball, location: 2F
0-2: Strikes out looking
Batting: LHB Steve Burnett 0-0: Swinging Strike
0-1: Ground out 4-3 (Groundball, 4, EV 86.2 MPH)
Bottom of the 2nd over - 0 runs, 0 hits, 0 errors, 0 left on base; Delaware 4 - Belleville 0
TOP OF THE 3RD
Delaware 1787 BC batting - Pitching for Belleville Bulls : RHP Sam Martínez
Batting: RHB Eduardo Lucciardi 0-0: Ball
1-0: Called Strike
1-1: Swinging Strike
1-2: Fly out, F7 (Line Drive, 7, EV 92.5 MPH)
Batting: LHB Chandler Schroeder 0-0: Called Strike
0-1: Foul Ball, location: 2F
0-2: Ball
1-2: Foul Ball, location: 2F
1-2: Ball
2-2: Strikes out swinging
Batting: RHB Justin Schock 0-0: Called Strike
0-1: Ball
1-1: Swinging Strike
1-2: Strikes out swinging
Top of the 3rd over - 0 runs, 0 hits, 0 errors, 0 left on base; Delaware 4 - Belleville 0
BOTTOM OF THE 3RD
Belleville Bulls batting - Pitching for Delaware 1787 BC : LHP Steve Baker
Batting: LHB Abdul-Alim Nadeem 0-0: Called Strike
0-1: Ball
1-1: Ball
2-1: Foul Ball, location: 2F
2-2: Strikes out swinging
Batting: SHB Russ King 0-0: Ground out 1-3 (Groundball, 15S, EV 74.4 MPH)
Batting: RHB Ed Dimock 0-0: Called Strike
0-1: Ball
1-1: Called Strike
1-2: Ball
2-2: Strikes out swinging, 2-3 out at first.
Bottom of the 3rd over - 0 runs, 0 hits, 0 errors, 0 left on base; Delaware 4 - Belleville 0
TOP OF THE 4TH
Delaware 1787 BC batting - Pitching for Belleville Bulls : RHP Sam Martínez
Batting: RHB Mike Williams 0-0: Foul Ball, location: 2F
0-1: Ball
1-1: Ball
2-1: Called Strike
2-2: Strikes out looking
Batting: RHB Julián Zambrano 0-0: Ball
1-0: Ball
2-0: Ball
3-0: Called Strike
3-1: Base on Balls
Batting: LHB Brian Webb 0-0: Swinging Strike
0-1: Foul Ball, location: 2F
0-2: Strikes out swinging
Batting: LHB Steve Wheeler 0-0: Ball
1-0: Called Strike
1-1: DOUBLE (Line Drive, 89D, EV 100.6 MPH)
Julián Zambrano to third
Runner from 3rd tries for Home, SAFE, throw by CF to home
Batting: LHB Luis Concepción 0-0: Ball
1-0: Ball
2-0: Called Strike
2-1: Ball
3-1: Foul Ball, location: 2F
3-2: Base on Balls
Pitching: RHP Jorge Méndez
Batting: RHB Mhelter Tejano 0-0: Foul Ball, location: 2F
0-1: Ball
1-1: Ball
2-1: Foul Ball, location: 2F
2-2: Ball
3-2: Base on Balls
Steve Wheeler to third
Luis Concepción to second
Batting: RHB Eduardo Lucciardi 0-0: Called Strike
0-1: Ball
Wild Pitch!
Steve Wheeler scores
Luis Concepción to third
Mhelter Tejano to second
1-1: Fly out, F8 (Flyball, 8RD, EV 97.5 MPH)
Top of the 4th over - 2 runs, 1 hit, 0 errors, 2 left on base; Delaware 6 - Belleville 0
BOTTOM OF THE 4TH
Belleville Bulls batting - Pitching for Delaware 1787 BC : LHP Steve Baker
Batting: RHB Arthur Hall 0-0: Ball
1-0: Called Strike
1-1: Ball
2-1: Swinging Strike
2-2: Foul Ball, location: 2F
2-2: Ground out 3-1 (Groundball, 34, EV 85.0 MPH)
Batting: LHB Juan Romero 0-0: Called Strike
0-1: Foul Ball, location: 2F
0-2: Fly out, F9 (Flyball, 9S, EV 86.2 MPH)
Batting: LHB Román Ramos 0-0: Ball
1-0: Ball
2-0: Ball
3-0: Base on Balls
Batting: SHB Kenny Dixon 0-0: Ball
1-0: Called Strike
1-1: Foul Ball, location: 2F
1-2: Strikes out looking
Bottom of the 4th over - 0 runs, 0 hits, 0 errors, 1 left on base; Delaware 6 - Belleville 0
TOP OF THE 5TH
Delaware 1787 BC batting - Pitching for Belleville Bulls : RHP Jorge Méndez
Batting: LHB Chandler Schroeder 0-0: Ball
1-0: Ball
2-0: Called Strike
2-1: Ball
3-1: Foul Ball, location: 2F
3-2: Foul Ball, location: 2F
3-2: Foul Ball, location: 2F
3-2: Foul Ball, location: 2F
3-2: Base on Balls
Batting: RHB Justin Schock 0-0: Foul Ball, location: 2F
0-1: Ball
1-1: Foul Ball, location: 2F
1-2: Ball
2-2: Foul Ball, location: 2F
2-2: Foul Ball, location: 2F
2-2: SINGLE (Groundball, 56D, EV 105.0 MPH)
Chandler Schroeder to second
Batting: RHB Mike Williams 0-0: Ball
1-0: Swinging Strike
1-1: Grounds into double play, 6-4-3 (Groundball, 6, EV 106.9 MPH)
Chandler Schroeder to third
Batting: RHB Julián Zambrano 0-0: SINGLE (Line Drive, 7S, EV 98.1 MPH)
Chandler Schroeder scores
Batting: LHB Brian Webb 0-0: Swinging Strike
0-1: Foul Ball, location: 2F
0-2: Strikes out swinging
Top of the 5th over - 1 run, 2 hits, 0 errors, 1 left on base; Delaware 7 - Belleville 0
BOTTOM OF THE 5TH
Belleville Bulls batting - Pitching for Delaware 1787 BC : LHP Steve Baker
Batting: LHB Maikel Nelis 0-0: Ball
1-0: Foul Ball, location: 2F
1-1: Ball
2-1: Ground out 4-3 (Groundball, 4, EV 90.0 MPH)
Batting: LHB Steve Burnett 0-0: Ball
1-0: Foul Ball, location: 2F
1-1: Swinging Strike
1-2: Strikes out swinging
Batting: LHB Abdul-Alim Nadeem 0-0: Ball
1-0: Ball
2-0: Ball
3-0: Base on Balls
Batting: SHB Russ King 0-0: Ball
1-0: Swinging Strike
1-1: Called Strike
1-2: Fielders Choice at 2nd, U6 (Groundball, 6M, EV 86.9 MPH)
Bottom of the 5th over - 0 runs, 0 hits, 0 errors, 1 left on base; Delaware 7 - Belleville 0
TOP OF THE 6TH
Delaware 1787 BC batting - Pitching for Belleville Bulls : RHP Jorge Méndez
Batting: LHB Steve Wheeler 0-0: Ball
1-0: Called Strike
1-1: Foul Ball, location: 2F
1-2: Ball
2-2: Ball
3-2: Base on Balls
Batting: LHB Luis Concepción 0-0: Ball
1-0: Foul Ball, location: 2F
1-1: Foul Ball, location: 2F
1-2: Ball
2-2: Strikes out swinging
Pitching: RHP Luis Martínez
Batting: RHB Mhelter Tejano 0-0: Ball
1-0: Foul Ball, location: 2F
1-1: Fly out, F9 (Flyball, 9LMF, EV 101.2 MPH)
Batting: RHB Eduardo Lucciardi 0-0: Called Strike
Steve Wheeler steals 2nd base (no throw)
0-1: Foul Ball, location: 2F
0-2: Ball
1-2: Strikes out looking
Top of the 6th over - 0 runs, 0 hits, 0 errors, 1 left on base; Delaware 7 - Belleville 0
BOTTOM OF THE 6TH
Belleville Bulls batting - Pitching for Delaware 1787 BC : LHP Steve Baker
Batting: RHB Ed Dimock 0-0: Called Strike
0-1: Called Strike
0-2: Strikes out swinging
Batting: RHB Arthur Hall 0-0: Fly out, F8 (Line Drive, 8RM, EV 95.6 MPH)
Batting: LHB Juan Romero 0-0: Called Strike
0-1: Ball
1-1: Ball
2-1: Swinging Strike
2-2: Ball
3-2: Strikes out looking
Bottom of the 6th over - 0 runs, 0 hits, 0 errors, 0 left on base; Delaware 7 - Belleville 0
TOP OF THE 7TH
Delaware 1787 BC batting - Pitching for Belleville Bulls : RHP Luis Martínez
Pinch Hitting: RHB Yuk Cong 0-0: Fly out, F8 (Line Drive, 8LM, EV 94.4 MPH)
Pinch Hitting: RHB Kenneth Knapp 0-0: Called Strike
0-1: Foul Ball, location: 2F
0-2: Strikes out swinging
Batting: RHB Mike Williams 0-0: Foul Ball, location: 2F
0-1: Foul Ball, location: 2F
0-2: Ball
1-2: Foul Ball, location: 2F
1-2: Foul Ball, location: 2F
1-2: Ground out 5-3 (Groundball, 56, EV 100.6 MPH)
Top of the 7th over - 0 runs, 0 hits, 0 errors, 0 left on base; Delaware 7 - Belleville 0
BOTTOM OF THE 7TH
Belleville Bulls batting - Pitching for Delaware 1787 BC : LHP Steve Baker
Now at 3B: Yuk Cong
Now in LF: Jaime López
Batting: LHB Román Ramos 0-0: Called Strike
0-1: Ball
1-1: Fly out, F7 (Flyball, 7LS, EV 88.1 MPH)
Batting: SHB Kenny Dixon 0-0: Called Strike
0-1: Fly out, F8 (Flyball, 89S, EV 84.4 MPH)
Batting: LHB Maikel Nelis 0-0: Called Strike
0-1: Ball
1-1: Foul Ball, location: 2F
1-2: Fly out, F9 (Flyball, 89M, EV 84.4 MPH)
Bottom of the 7th over - 0 runs, 0 hits, 0 errors, 0 left on base; Delaware 7 - Belleville 0
TOP OF THE 8TH
Delaware 1787 BC batting - Pitching for Belleville Bulls : RHP Luis Martínez
Batting: RHB Julián Zambrano 0-0: Ground out 4-3 (Groundball, 4, EV 86.2 MPH)
Batting: LHB Brian Webb 0-0: Ball
1-0: Called Strike
1-1: Swinging Strike
1-2: Strikes out looking
Batting: LHB Steve Wheeler 0-0: Ball
1-0: Swinging Strike
1-1: SINGLE (Groundball, 4MD, EV 106.2 MPH)
Batting: LHB Luis Concepción 0-0: Ball
1-0: Called Strike
1-1: Ball
2-1: Swinging Strike
2-2: Ground out 4-3 (Groundball, 4S, EV 89.4 MPH)
Top of the 8th over - 0 runs, 1 hit, 0 errors, 1 left on base; Delaware 7 - Belleville 0
BOTTOM OF THE 8TH
Belleville Bulls batting - Pitching for Delaware 1787 BC : LHP Steve Baker
Batting: LHB Steve Burnett 0-0: Ball
1-0: Called Strike
1-1: Ball
2-1: Foul Ball, location: 2F
2-2: Fly out, F7 (Flyball, 7S, EV 92.5 MPH)
Batting: LHB Abdul-Alim Nadeem 0-0: Called Strike
0-1: Ball
1-1: Ball
2-1: Foul Ball, location: 2F
2-2: Ball
3-2: Foul Ball, location: 2F
3-2: Base on Balls
Batting: SHB Russ King 0-0: Ball
1-0: Called Strike
1-1: Called Strike
1-2: Ball
2-2: Ball
3-2: Foul Ball, location: 2F
3-2: Fielders Choice at 2nd, 6-4 (Groundball, 6, EV 105.0 MPH)
Batting: RHB Ed Dimock 0-0: Called Strike
0-1: SINGLE (Groundball, 4MD, EV 110.0 MPH)
Russ King to second
Batting: RHB Arthur Hall 0-0: Hit by Pitch
Russ King to third
Ed Dimock to second
Batting: LHB Juan Romero 0-0: Ball
1-0: Foul Ball, location: 2F
1-1: Ball
2-1: Called Strike
2-2: Strikes out swinging
Bottom of the 8th over - 0 runs, 1 hit, 0 errors, 3 left on base; Delaware 7 - Belleville 0
TOP OF THE 9TH
Delaware 1787 BC batting - Pitching for Belleville Bulls : RHP Luis Martínez
Batting: RHB Mhelter Tejano 0-0: Ball
1-0: Fly out, F8 (Flyball, 89D, EV 78.1 MPH)
Pitching: LHP Romochka Oistrah
Batting: RHB Eduardo Lucciardi 0-0: Ball
1-0: Ball
2-0: Called Strike
2-1: Ball
3-1: DOUBLE (Flyball, 89XD, EV 96.2 MPH)
Batting: RHB Yuk Cong 0-0: Swinging Strike
0-1: Hit by Pitch
Batting: RHB Jaime López 0-0: Foul Ball, location: 2F
0-1: Swinging Strike
0-2: Fielders Choice at 2nd, 1-6 (Groundball, 13S, EV 71.9 MPH)
Eduardo Lucciardi to third
Batting: RHB Mike Williams 0-0: Ball
1-0: Swinging Strike
1-1: Swinging Strike
1-2: Strikes out swinging
Top of the 9th over - 0 runs, 1 hit, 0 errors, 2 left on base; Delaware 7 - Belleville 0
BOTTOM OF THE 9TH
Belleville Bulls batting - Pitching for Delaware 1787 BC : LHP Steve Baker
Batting: LHB Román Ramos 0-0: Ball
1-0: Ball
2-0: Called Strike
2-1: Ball
3-1: Base on Balls
Batting: SHB Kenny Dixon 0-0: Called Strike
0-1: Fly out, F4 (Popup, 4S, EV 74.4 MPH)
Pitching: RHP Domingo García
Batting: LHB Maikel Nelis 0-0: Called Strike
0-1: Foul Ball, location: 2F
0-2: Ball
1-2: Ball
2-2: Foul Ball, location: 2F
2-2: 2-RUN HOME RUN (Line Drive, 9D, EV 101.9 MPH), Distance : 358 ft
Batting: LHB Steve Burnett 0-0: Fly out, F6 (Popup, 6M, EV 50.0 MPH)
Batting: LHB Abdul-Alim Nadeem 0-0: Called Strike
0-1: Foul Ball, location: 2F
0-2: Fly out, F8 (Flyball, 8LM, EV 98.1 MPH)
Bottom of the 9th over - 2 runs, 1 hit, 0 errors, 0 left on base; Delaware 7 - Belleville 2
Friday, March 26th, 2021 - OOTP Baseball 20.8 Build 74